 Dungeon Crawl Stone Soup version 0.29.1-1-gd02db6906a (webtiles) character file.

Game seed: 17434843408533447134

464 fireball365 the Covered (level 6, -3/46 HPs)
             Began as a Minotaur Fighter on Oct 11, 2022.
             Was a Follower of Hepliaklqana.
             Slain by a lemure (5 damage)
             ... led by Pikel
             ... on level 4 of the Dungeon.
             The game lasted 00:12:10 (3320 turns).

fireball365 the Covered (Minotaur Fighter)          Turns: 3320, Time: 00:12:10

Health: -3/46      AC:  8    Str: 20    XL:     6   Next: 80%
Magic:  5/5        EV: 10    Int:  5    God:    Hepliaklqana [*.....]
Gold:   154        SH:  5    Dex: 12    Spells: 5/5 levels left

rFire   + . .      SeeInvis .   s - +5 hammer
rCold   . . .      Faith    .   c - +0 buckler
rNeg    . . .      Spirit   .   b - +0 scale mail
rPois   .          Reflect  .   (helmet restricted)
rElec   .          Harm     .   w - +0 cloak
rCorr   .          Rampage  .   (no gloves)
Will    .....                   (no boots)
Stlth   ..........              p - amulet of the acrobat
HPRegen 0.15/turn               r - ring of protection from fire
MPRegen 0.09/turn               (no ring)

@: mighty
A: reduced essence, horns 2, retaliatory headbutt
a: Renounce Religion, Recall Ancestor, Ancestor Identity


You were on level 4 of the Dungeon.
You worshipped Hepliaklqana.
Hepliaklqana was aware of your devotion.
You visited 1 branch of the dungeon, and saw 4 of its levels.

You collected 154 gold pieces.

Inventory:

Hand Weapons
 a - a +0 war axe
 s - a +5 hammer (weapon)
 t - a +3 quarterstaff of chaos
 u - a +0 hammer of draining
 v - a +2 vorpal hammer
Missiles
 m - 10 stones (quivered)
 q - 3 poisoned darts
Armour
 b - a +0 scale mail (worn)
 c - a +0 buckler (worn)
 w - a +0 cloak (worn)
Jewellery
 p - an amulet of the acrobat (around neck)
 r - a ring of protection from fire (left hand)
 x - an amulet of faith
 y - a ring of poison resistance
Scrolls
 g - a scroll of fear {unknown}
 i - 8 scrolls of identify {unknown}
 n - 2 scrolls of enchant armour {unknown}
 o - a scroll of poison {unknown}
Potions
 d - a potion of might
 e - a potion of heal wounds {unknown}
 f - 2 potions of flight {unknown}
 h - a potion of brilliance {unknown}
 j - a potion of resistance {unknown}
 k - 2 potions of ambrosia {unknown}
 l - 4 potions of attraction {unknown}
 z - a potion of curing {unknown}


   Skills:
 - Level 4.1 Fighting
 + Level 5.2 Axes
 + Level 1.0(3.3) Maces & Flails
 + Level 5.9 Armour
 + Level 2.5 Dodging
 + Level 0.6 Stealth
 + Level 5.0 Shields


You had 5 spell levels left.
You didn't know any spells.
Your spell library contained the following spells:

 Spells                   Type           Power      Damage    Failure   Level
 Conjure Flame            Conj/Fire      0%         6-21      99%         3
 Ignite Poison            Fire/Tmut/Pois 0%         N/A       99%         3
 Sticky Flame             Conj/Fire      0%         2d3       100%        4


Dungeon Overview and Level Annotations

Branches:
Dungeon (4/15)
 Temple: D:4-7

Altars:
Hepliaklqana

Annotations:
D:4 Pikel


Innate Abilities, Weirdness & Mutations

Your life essence is reduced to manifest your ancestor. (-10% HP)
You have a pair of horns on your head.
You reflexively headbutt those who attack you in melee.


Message History

The lemure is moderately wounded.
The orc barely misses you.
Pikel hits you with a +0 whip of freezing.
Pikel freezes you. The lemure hits you but does no damage.
You hit the lemure.
The lemure is heavily wounded.
You block the orc's attack. The lemure hits you but does no damage.
Pikel hits you with a +0 whip of freezing.
Pikel freezes you.
You sock the lemure!
The lemure is almost dead.
Pikel barely misses you.
The orc hits you with a +1 mace of holy wrath.
The lemure hits you. The lemure misses you.
Pikel hits you with a +0 whip of freezing.
Pikel freezes you. The orc hits you but does no damage.
The orc closely misses you.
Pikel hits you with a +0 whip of freezing.
Pikel freezes you.
You closely miss the lemure. Your headbutt misses the lemure.
The lemure is almost dead.
The orc barely misses you. The lemure barely misses you.
Pikel hits you with a +0 whip of freezing.
* * * LOW HITPOINT WARNING * * *
Pikel freezes you.
* * * LOW HITPOINT WARNING * * *
You feel very mighty all of a sudden. The lemure hits you.
* * * LOW HITPOINT WARNING * * *
You block the orc's attack. The lemure hits you but does no damage.
Pikel hits you with a +0 whip of freezing.
* * * LOW HITPOINT WARNING * * *
Pikel freezes you.
* * * LOW HITPOINT WARNING * * *
You sock the lemure!
You kill the lemure!
That felt strangely unrewarding.
The dart slug launches a dart at you. You block the slug dart.
You block Pikel's attack. The lemure hits you.
You die...

#.# 5. ##
##########.###. .# #
#.......##.).. .#
#.#.......##!.# .#
##.#.......##..# .#
#............5.#
.###..#........#w###
......#........K.o.#
.###.##........#@#.#
.# #.####..###>5...#
.###.####†.....###.#
...))......#...# ..#
..##...........# .#
#.##..............
.#
#.###.###..#.#.### #
..# #.# #........
### #.# #.##.#....


You could see Pikel, 2 lemures, a dart slug and an orc.

Vanquished Creatures
  A black bear (D:3)
  2 lemures (D:4)
  Blork the orc (D:4)
  A scorpion (D:4)
  A jelly (D:4)
  A hound (D:4)
  Crazy Yiuf (D:3)
  Jessica (D:3)
  3 gnolls (D:4)
  3 adders
  A worm (D:4)
  2 dart slugs
  2 orcs (D:4)
  3 endoplasms
  2 giant cockroaches
  8 goblins
  8 hobgoblins
  4 jackals (D:1)
  2 quokkas (D:1)
  9 ball pythons
  5 bats
  2 frilled lizards
  8 kobolds
  2 rats (D:2)
73 creatures vanquished.

Vanquished Creatures (others)
  An ancestor (D:1)
  5 fungi (D:3)
6 creatures vanquished.

Grand Total: 79 creatures vanquished

Notes
Turn   | Place    | Note
-------+----------+-------------------------------------------
     0 | D:1      | fireball365 the Minotaur Fighter began the quest for the
                  | Orb.
     0 | D:1      | Reached XP level 1. HP: 19/19 MP: 0/0
   220 | D:1      | Reached XP level 2. HP: 27/27 MP: 1/1
   638 | D:1      | Found a faded altar of an unknown god.
   647 | D:1      | Prayed at the altar of an unknown god.
   647 | D:1      | Became a worshipper of Hepliaklqana the Forgotten
   647 | D:1      | Reached * piety under Hepliaklqana
   936 | D:1      | You fall into a shaft and drop 1 floor!
  1078 | D:2      | Reached XP level 3. HP: 8/29 MP: 2/2
  1980 | D:2      | Reached skill level 1 in Dodging
  2093 | D:3      | Noticed a black bear
  2096 | D:3      | Reached XP level 4. HP: 36/36 MP: 3/3
  2102 | D:3      | Killed a black bear
  2103 | D:3      | Reached XP level 5. HP: 23/41 MP: 4/4
  2165 | D:3      | Found a runed translucent door.
  2166 | D:3      | Noticed Crazy Yiuf
  2237 | D:3      | Killed Crazy Yiuf
  2273 | D:3      | Reached ** piety under Hepliaklqana
  2644 | D:3      | Noticed Jessica
  2649 | D:3      | Killed Jessica
  2650 | D:3      | Reached skill level 5 in Armour
  2701 | D:4      | Noticed Blork the orc
  2711 | D:4      | Killed Blork the orc
  2712 | D:4      | Reached XP level 6. HP: 46/46 MP: 5/5
  2714 | D:4      | Reached skill level 5 in Axes
  3019 | D:4      | Reached skill level 5 in Shields
  3279 | D:4      | Reached skill level 1 in Maces & Flails
  3303 | D:4      | Noticed Pikel
  3319 | D:4      | HP: 2/46 [Pikel/+0 whip of freezing (2)]
  3320 | D:4      | Slain by a lemure

Illustrated notes

Levels and vault maps discovered:
D:1:      eino_arrival_cavern_e, layout_basic,
          hellmonk_ecumenical_altar_prayer_group, minmay_misc_feat_roman,
          palyth_stone_intersect
D:2:      layout_loops_cross
D:3:      layout_rooms, uniq_jessica, uniq_crazy_yiuf_cottage
D:4:      layout_loops_ring, grunt_temple_overflow_diamond, uniq_pikel,
          uniq_blork_the_orc

Skill      XL: |  1  2  3  4  5  6 |
---------------+-------------------+-----
Fighting       | 4 |  4.1
Armour         | 4 5 |  5.9
Shields        | 4 5 |  5.0
Axes           | 3 4 5 |  5.2
Dodging        | 1 2 |  2.5
Maces & Flails | 1 |  1.0
Stealth        | |  0.6

Action                   |  1- 3 |  4- 6 || total
-------------------------+-------+-------++-------
Melee: War axe           |    76 |    14 ||    90
       Headbutt          |    11 |    16 ||    27
       Mace              |       |    73 ||    73
  Use: Potion            |       |     1 ||     1
Armor: Scale mail        |    58 |    29 ||    87
Dodge: Dodged            |    68 |    65 ||   133
Block: Buckler           |    32 |    26 ||    58
